 Dungeon Crawl Stone Soup version 0.30-a0-51-g784eafce7f (webtiles) character file.

Game seed: 12433855802463374834

918 Murumi the Ducker (level 8, -1/59 HPs)
             Began as a Djinni Gladiator on Sept 6, 2022.
             Slain by a gnoll sergeant
             ... wielding a +0 spear
              (4 damage)
             ... on level 6 of the Dungeon.
             The game lasted 00:17:12 (5683 turns).

Murumi the Ducker (Djinni Gladiator)                Turns: 5683, Time: 00:17:13

Health: -1/59      AC:  5    Str: 13    XL:     8   Next: 31%
Gold:   51         EV: 15    Int: 14    God:
                   SH:  0    Dex: 18

rFire   + + .      SeeInvis .    r - +1 scimitar (antimagic)
rCold   x . .      Faith    .    (no shield)
rNeg    . . .      Spirit   .    q - +0 leather armour "Jeetio" {Int+5}
rPois   ∞          Reflect  .    c - +0 helmet
rElec   .          Harm     .    j - +0 cloak
rCorr   .          Rampage  .    (no gloves)
Will    .....                    (boots unavailable)
Stlth   ++........               (no amulet)
HPRegen 0.19/turn                (no ring)
MPRegen 0.00/turn                (no ring)

@: flying
A: sickness immunity, fire resistance 2, cold vulnerability 1, float, innate
caster, HP casting, extra vitality 1
a: no special abilities


You were on level 6 of the Dungeon.
You visited 2 branches of the dungeon, and saw 7 of its levels.
You also visited: Sewer.

You collected 298 gold pieces.
You spent 247 gold pieces at shops.

Inventory:

Hand Weapons
 r - a +1 antimagic scimitar (weapon)
Missiles
 d - 2 throwing nets (quivered)
 e - a javelin
Armour
 c - a +0 helmet (worn)
 j - a +0 cloak (worn)
 q - the +0 leather armour "Jeetio" (worn) {Int+5}
   (You found it in a sewer)

   Int:       It affects your intelligence (+5).
Wands
 a - a wand of light (7)
Scrolls
 b - 2 scrolls of teleportation
 t - a scroll of poison
Potions
 f - 2 potions of heal wounds {unknown}
 g - 4 potions of mutation
 h - a potion of curing
 i - 3 potions of attraction {unknown}
 k - a potion of might {unknown}
 l - a potion of berserk rage {unknown}
 m - a potion of flight {unknown}
 n - a potion of cancellation {unknown}
 o - a potion of experience {unknown}
 p - a potion of resistance {unknown}
 s - a potion of brilliance {unknown}


   Skills:
 - Level 5.0 Fighting
 + Level 4.5 Long Blades
 - Level 2.0 Throwing
 - Level 2.0 Armour
 - Level 6.0 Dodging
 - Level 2.0 Stealth
 - Level 1.0 Spellcasting
 - Level 2.0 Evocations


You had 3 spell levels left.
You knew the following spells:

 Your Spells              Type           Power      Damage    Failure   Level
a - Sting                 Tmut/Pois      12%        1d3       22%         1
b - Static Discharge      Conj/Air       6%         3-4/arc   32%         2
c - Mephitic Cloud        Conj/Pois/Air  3%         N/A       54%         3
Your spell library was empty.

Dungeon Overview and Level Annotations

Branches:
Dungeon (6/15)             Temple (1/1) D:4           Sewer (visited)

Altars:
Cheibriados
Hepliaklqana
Nemelex Xobeh
Qazlal
Ru
Trog
Uskayaw
Zin
The Shining One

Shops:
D:1 ((   D:4 *


Innate Abilities, Weirdness & Mutations

You are immune to sickness and miasma.
You are immune to poison.
Your flesh is very heat resistant. (rF++)
You are vulnerable to cold. (rC-)
You float through the air rather than walking.
You learn spells naturally, not from books.
Your magical power is your life essence.
You have superior vitality. (+4 MHP)


Message History

You destroy the necrophage!
The gnoll sergeant hits you from afar with a +0 spear.
Unknown command.
The shadow imp attacks as you move away!
The shadow imp barely misses you.
The shadow imp attacks as you move away!
The shadow imp hits you but does no damage.
You slash the shadow imp!
You kill the shadow imp!
The gnoll sergeant hits you from afar with a +0 spear!
The gnoll sergeant hits you with a +0 spear!
* * * LOW HITPOINT WARNING * * *
You hit the gnoll sergeant.
The gnoll sergeant is lightly wounded.
The gnoll sergeant barely misses you.
The gnoll hits you from afar with a +0 spear.
* * * LOW HITPOINT WARNING * * *
The gnoll sergeant hits you with a +0 spear.
* * * LOW HITPOINT WARNING * * *
The gnoll hits you from afar with a +0 spear.
* * * LOW HITPOINT WARNING * * *
You feel better. The gnoll sergeant barely misses you.
The gnoll barely misses you.
You hit the gnoll sergeant but do no damage.
The gnoll sergeant is lightly wounded.
The gnoll sergeant misses you.
The gnoll hits you from afar with a +0 spear.
* * * LOW HITPOINT WARNING * * *
The gnoll sergeant blocks your attack.
The gnoll sergeant is lightly wounded.
The gnoll sergeant misses you. The gnoll barely misses you.
You hit the gnoll sergeant.
The gnoll sergeant is lightly wounded.
The gnoll sergeant hits you with a +0 spear.
* * * LOW HITPOINT WARNING * * *
The gnoll misses you.
Okay, then.
Okay, then.
The gnoll sergeant hits you from afar with a +0 spear.
You die...

#.#...... ........
... .. #†# .# #
#g##.##..#
#.gJg....#
###g####.# #.# #
##@##
#.##...###.#.
###...........)
.......†>###.###.#
#####.#.## #.# #.#
#.#.# #.# #.#
#.#.# #.# #.#
#.#.# #.# #.# #.#
##.###.#


You could see a gnoll sergeant, a jelly and 2 gnolls.

Vanquished Creatures
  Pargi (Sewer)
  An ogre (D:5)
  A bullfrog (D:6)
  3 necrophages (D:6)
  A scorpion (D:5)
  A howler monkey (D:6)
  A hound (D:5)
  A jelly (D:6)
  An orc priest (D:4)
  2 iguanas (D:5)
  Natasha (thrice) (D:3)
  2 orc wizards (D:5)
  3 adders
  A shadow imp (D:6)
  2 worms
  A dart slug (D:4)
  11 orcs
  8 ball pythons
  3 endoplasms
  5 giant cockroaches
  7 goblins
  6 hobgoblins
  5 jackals
  3 kobolds
  9 quokkas
  6 bats
  3 frilled lizards
  4 rats (D:1)
95 creatures vanquished.

Notes
Turn   | Place    | Note
-------+----------+-------------------------------------------
     0 | D:1      | Murumi the Djinni Gladiator began the quest for the Orb.
     0 | D:1      | Reached XP level 1. HP: 18/18 MP: 0/0
   119 | D:1      | Found Nusch's Weapon Shop.
   292 | D:1      | Reached XP level 2. HP: 23/23 MP: 0/0
   479 | D:1      | Reached XP level 3. HP: 27/28 MP: 0/0
   479 | D:1      | Learned a level 1 spell: Sting
   615 | D:1      | Reached skill level 4 in Dodging
   617 | D:1      | Found a faded altar of an unknown god.
   648 | D:1      | Found Habaxiwn's Antique Weapon Shoppe.
  1107 | D:2      | Reached skill level 1 in Armour
  1636 | D:2      | Found a sparkling altar of Nemelex Xobeh.
  1761 | D:2      | Reached skill level 1 in Stealth
  1909 | D:3      | Reached XP level 4. HP: 33/33 MP: 0/0
  1970 | D:3      | Found a sacrificial altar of Ru.
  1970 | D:3      | Found a hazy altar of Hepliaklqana.
  2116 | D:3      | Noticed Natasha
  2124 | D:3      | Killed Natasha
  2160 | D:3      | Noticed Natasha
  2168 | D:3      | Killed Natasha
  2169 | D:3      | Reached skill level 1 in Spellcasting
  2169 | D:3      | Reached XP level 5. HP: 25/40 MP: 0/0
  2169 | D:3      | Learned a level 2 spell: Static Discharge
  2359 | D:3      | Noticed Natasha
  2367 | D:3      | Killed Natasha
  2683 | D:4      | Found a staircase to the Ecumenical Temple.
  2698 | Temple   | Entered the Ecumenical Temple
  2880 | D:4      | Found a glowing drain.
  2885 | Sewer    | Entered a sewer
  2940 | Sewer    | Noticed Pargi
  3028 | Sewer    | Killed Pargi
  3029 | Sewer    | Reached XP level 6. HP: 40/47 MP: 0/0
  3077 | Sewer    | Identified the +0 leather armour "Jeetio" {Int+5}
  3324 | D:4      | Found Redagok's General Store.
  3518 | D:1      | Bought a +1 antimagic scimitar for 247 gold pieces
  3961 | D:5      | Entered Level 5 of the Dungeon
  4050 | D:4      | Reached skill level 5 in Dodging
  4155 | D:4      | Reached skill level 1 in Evocations
  4362 | D:5      | Reached XP level 7. HP: 47/52 MP: 0/0
  4362 | D:5      | Learned a level 3 spell: Mephitic Cloud
  5089 | D:5      | Found a glowing golden altar of the Shining One.
  5329 | D:6      | Reached skill level 5 in Fighting
  5329 | D:6      | Reached XP level 8. HP: 54/59 MP: 0/0
  5630 | D:6      | Reached skill level 6 in Dodging
  5678 | D:6      | HP: 2/59 [gnoll/+0 spear[a gnoll sergeant] (3)]
  5683 | D:6      | Slain by a gnoll sergeant

Illustrated notes

Levels and vault maps discovered:
D:1:      nagdon_arrival_zigzag_paths, layout_basic, serial_shops,
          nicolae_diamond_shop, nicolae_shop_temple_entry_statues_fountains,
          nicolae_ecumenical_snake_handling
D:2:      layout_loops_ring, basic_altar, kennysheep_cross_room,
          kennysheep_potato
D:3:      layout_rooms, grunt_temple_overflow_open, uniq_natasha
D:4:      layout_basic, minmay_temple_entry_nine_rooms, portal_sewer_entry_e,
          serial_shops, nicolae_shop_stone
D:5:      layout_rooms, nicolae_overflow_hidden_temple
D:6:      layout_loops_ring, kennysheep_mini, water_boxes_lemuel
Temple:   hellmonk_temple_micro_hex

Skill      XL: |  1  2  3  4  5  6  7  8 |
---------------+-------------------------+-----
Long Blades    | 3 4 |  4.5
Throwing       | 2 |  2.0
Dodging        | 4 5 6 |  6.0
Armour         | 1 2 |  2.0
Stealth        | 1 2 |  2.0
Fighting       | 3 4 5 |  5.0
Spellcasting   | 1 |  1.0
Evocations     | 2 |  2.0

Action                   |  1- 3 |  4- 6 |  7- 9 || total
-------------------------+-------+-------+-------++-------
Melee: Long sword        |   105 |    75 |       ||   180
       Punch             |     1 |     2 |     3 ||     6
       Scimitar          |       |    36 |    91 ||   127
Throw: Throwing net      |       |     1 |       ||     1
  Use: Scroll            |     4 |     4 |     3 ||    11
       Potion            |       |       |     1 ||     1
 Stab: Sleeping          |     3 |     1 |     1 ||     5
Armor: Leather armour    |    20 |    34 |    10 ||    64
Dodge: Dodged            |    75 |   104 |    56 ||   235

Table legend: (Time is in decaauts)
 A = Elapsed time spent in this place.
 B = Non-inter-level travel time spent in this place.
 C = Inter-level travel time spent in this place.
 D = Time resting spent in this place.
 E = Time spent auto-exploring this place.
 F = Levels seen in this place.
 G = Mean time per level.
                   A        B        C        D        E       F      G
               +--------+--------+--------+--------+--------+-----+--------+
         Total |   5774 |   5261 |    513 |    127 |   4100 |   8 |  721.8 |
       Dungeon |   5522 |   5009 |    513 |    127 |   3960 |   6 |  920.3 |
        Temple |      1 |      1 |      0 |      0 |      0 |   1 |    1.0 |
         Sewer |    250 |    250 |      0 |      0 |    140 |   1 |  250.0 |
               +--------+--------+--------+--------+--------+-----+--------+

Top non-repeatable levels by time:
     D:4: 1296 daAuts
     D:1: 1090 daAuts
     D:2: 966 daAuts
     D:5: 847 daAuts
     D:3: 798 daAuts
     D:6: 523 daAuts
   Sewer: 250 daAuts
  Temple: 1 daAuts
